AoeStats
← 硬炸鸡

Arena

508171404Analyzed
1v1 RM · 12d ago on Sep 21, 2026· 34m 1s· 2 players
Game mode
Random Map
Map size
Tiny (2 player)
Population
200
Speed
Normal
Resources
Standard
Victory
Conquest
Starting age
Dark Age
Ending age
Imperial Age
RankedLock teamsTeams togetherTeam positionsShared explorationLock speedFull tech treeHidden civsTurbo modeCheats
Victory
Defeat
🇦🇷 Mongols · Argentina
1048
+16
🇨🇳 Mongols · China
1054
-16
Tartu8727
9:32 Feudal Age
14:36 Castle Age
16:02 Double-Bit Axe
17:44 Wheelbarrow
21:11 Horse Collar
23:50 Heavy Plow
25:19 Husbandry
26:35 Bloodlines
26:59 Bow Saw
27:08 Fletching
27:26 Scale Barding Armor
28:06 Gold Mining
32:15 Imperial Age
29:48 Town Watch
34:43 Ballistics
35:25 Chemistry
硬炸鸡
10:57 Feudal Age
14:33 Castle Age
12:53 Horse Collar
13:31 Double-Bit Axe
16:14 Bow Saw
18:05 Bloodlines
17:56 Husbandry
18:52 Husbandry
20:06 Scale Barding Armor
20:25 Gold Mining
23:16 Forging
26:01 Town Watch
27:05 Chain Barding Armor
29:20 Iron Casting
Connection lost

Rejoining the realm…

Still unreachable

The connection could not be restored.

Session expired

The server has moved on; the page needs a fresh start.